 Dungeon Crawl Stone Soup version 0.20.1-1-g8b1a95d (webtiles) character file.

326 Minstaer the Magician (level 6, -1/42 HPs)
             Began as a Spriggan Enchanter on Nov 3, 2017.
             Slain by a slave (3 damage)
             ... led by Pikel
             ... on level 5 of the Dungeon on Nov 4, 2017.
             The game lasted 00:29:03 (5334 turns).

Minstaer the Magician (Spriggan Enchanter)          Turns: 5334, Time: 00:29:04

Health: -1/42      AC: 23    Str:  4    XL:     6   Next: 24%
Magic:  4/14       EV:  4    Int: 18    God:
Gold:   136        SH:  0    Dex: 17    Spells: 9/15 levels left

rFire    . . .     SeeInvis +   a - +1 dagger
rCold    . . .     Gourm    .   (shield restricted)
rNeg     + + +     Faith    .   (armour currently unavailable)
rPois    +         Spirit   .   (helmet currently unavailable)
rElec    .         Reflect  .   (cloak currently unavailable)
rCorr    .         Harm     .   (gloves unavailable)
MR       +....     NoTele   +   (boots unavailable)
Stlth    +++.......             (no amulet)
Regen    0.2/turn               (no ring)
MPRegen  0.2/turn               (no ring)

@: tree-form (expiring)
A: unfitting armour, see invisible, herbivore 3, slow metabolism 2
a: no special abilities


You were on level 5 of the Dungeon.
You were very hungry.
You were a tree.
You visited 1 branch of the dungeon, and saw 5 of its levels.
You also visited: Ossuary.

You collected 136 gold pieces.

Inventory:

Hand Weapons
 a - a +1 dagger (weapon)
 x - a +0 long sword
 B - a cursed -2 war axe
 D - a +0 vampiric whip
Missiles
 h - 8 tomahawks of returning (quivered)
 i - 22 sling bullets
 n - 89 stones
Armour
 b - a +0 robe (melded)
 I - a +0 animal skin
Jewellery
 s - an uncursed ring of fire {unknown}
 C - an uncursed ring of ice {unknown}
Scrolls
 e - a scroll of identify
 f - 4 scrolls of teleportation {unknown}
 g - 3 scrolls of fog
 k - 2 scrolls of enchant weapon {unknown}
 m - 3 scrolls of recharging
 o - 2 scrolls of noise {unknown}
 q - a scroll of enchant armour {unknown}
 r - 2 scrolls of amnesia {unknown}
 w - a scroll of remove curse {unknown}
 y - 2 scrolls of immolation {unknown}
 A - 2 scrolls of blinking {unknown}
Potions
 j - 5 potions of degeneration {unknown}
 l - 3 potions of heal wounds {unknown}
 p - 2 potions of flight {unknown}
 t - 6 potions of curing {unknown}
 u - a potion of brilliance {unknown}
 v - 3 potions of haste {unknown}
 z - 2 potions of lignification {unknown}
 E - a potion of ambrosia {unknown}
 F - a potion of berserk rage {unknown}
 G - 4 potions of mutation {unknown}
Books
 c - a book of Maledictions

   Spells                             Type                      Level
   a - Corona                         Hexes                        1
   b - Ensorcelled Hibernation        Hexes/Ice                    2
   c - Confuse                        Hexes                        3
   d - Tukima's Dance                 Hexes                        3
   e - Dazzling Spray                 Conjuration/Hexes            3
Comestibles
 d - 5 bread rations
 H - 4 fruits


   Skills:
 * Level 4.5 Short Blades
 - Level 3.0 Dodging
 + Level 4.4 Stealth
 - Level 5.0 Spellcasting
 - Level 4.0 Hexes
 - Level 2.1 Ice Magic


You had 9 spell levels left.
You knew the following spells:

 Your Spells              Type           Power        Failure   Level  Hunger
a - Corona                Hex            ###....      2%          1    None
b - Ensorcelled Hibernat  Hex/Ice        ###...       5%          2    #......
c - Tukima's Dance        Hex            ###.....     8%          3    ##.....


Dungeon Overview and Level Annotations

Branches:
Dungeon (5/15)
 Temple: D:4-7

Altars:
Vehumet

Annotations:
D:5 Pikel


Innate Abilities, Weirdness & Mutations

You are very small and have problems with some larger weapons.
You are too small for most types of armour.
You have supernaturally acute eyesight. (SInv)
You are a herbivore.
((You cover ground extremely quickly.))
You need consume almost no food.


Message History

The slave is severely wounded.
You hit the slave but do no damage.
The slave is severely wounded.
Pikel hits you but does no damage.
The slave hits you but does no damage. x2
You hit the slave.
The slave is almost dead.
Pikel zaps a wand.
You resist with almost no effort. The slave barely misses you.
The slave hits you but does no damage.
You cannot move.
You hit the slave but do no damage.
The slave is almost dead.
Pikel zaps a wand.
You resist with almost no effort. The slave hits you but does no damage.
The slave hits you.
* * * LOW HITPOINT WARNING * * *
You closely miss the slave.
The slave is almost dead.
You completely miss the slave.
The slave is almost dead.
Pikel zaps a wand.
The slave hits you.
You die...

#.# #.# #.# ##+## ###.####
##...## .......# ##.....##
### #..#.# ##.......## #[.
##...p###.........###..
##...ZK♣.+.....?...'....
#.....p###.....<...###.. #
#.##.#.# ##.......## #.#
#.#.####.# ##.....## #p#
#.#.####.# ##...### #p#
#........# #....[.# #.#
###.###### #.#.##.# #.#
###.##########.#K##.####.#
#............#.#....†....#


You could see Pikel, 2 slaves and a bullfrog skeleton.

Vanquished Creatures
  2 slaves (D:5)
  An ogre (D:4)
  Jessica (D:3)
  A worker ant (D:4)
  Natasha (twice) (D:3)
  7 adders
  3 worms (D:2)
  2 dart slugs
  8 orcs
  A giant cockroach (D:1)
  6 goblins
  6 hobgoblins
  3 jackals
  11 bats
  5 frilled lizards
  6 kobolds
  6 rats
71 creatures vanquished.

Notes
Turn   | Place    | Note
-------+----------+-------------------------------------------
     0 | D:1      | Minstaer the Spriggan Enchanter began the quest for the Orb.
     0 | D:1      | Reached XP level 1. HP: 9/9 MP: 5/5
   204 | D:1      | Reached skill level 3 in Spellcasting
   501 | D:1      | Reached XP level 2. HP: 7/13 MP: 7/7
   599 | D:1      | Learned a level 2 spell: Ensorcelled Hibernation
  1522 | D:2      | Reached XP level 3. HP: 16/16 MP: 9/9
  1909 | D:2      | Reached skill level 4 in Spellcasting
  1909 | D:2      | Reached skill level 1 in Ice Magic
  2368 | D:2      | Reached XP level 4. HP: 21/21 MP: 6/11
  2441 | D:3      | Noticed Jessica
  2445 | D:3      | Killed Jessica
  2534 | D:3      | Noticed Natasha
  2546 | D:3      | Killed Natasha
  2838 | D:3      | Reached XP level 5. HP: 18/24 MP: 10/13
  2886 | D:3      | Reached skill level 5 in Spellcasting
  3756 | D:3      | Noticed Natasha
  3763 | D:3      | Killed Natasha
  4181 | D:4      | Found a sand-covered staircase.
  4196 | D:4      | Learned a level 3 spell: Tukima's Dance
  4197 | Ossuary  | Entered an ossuary
  4593 | D:4      | Found a radiant altar of Vehumet.
  4955 | D:4      | Noticed an ogre
  4961 | D:4      | Killed an ogre
  4961 | D:4      | Reached XP level 6. HP: 28/28 MP: 11/14
  5013 | D:5      | Entered Level 5 of the Dungeon
  5013 | D:5      | Noticed Pikel
  5013 | D:5      | Noticed a slave
  5013 | D:5      | Noticed a slave
  5013 | D:5      | Noticed a slave
  5013 | D:5      | Noticed a slave
  5070 | D:5      | Killed a slave
  5076 | D:5      | Killed a slave
  5332 | D:5      | HP: 2/42 [slave[Pikel] (2)]
  5334 | D:5      | Slain by a slave

Skill      XL: |  1  2  3  4  5 |
---------------+----------------+-----
Spellcasting   | 3 4 5 |  5.0
Hexes          | 4 |  4.0
Ice Magic      | 1 2 |  2.1
Short Blades   | 4 |  4.5
Dodging        | |  3.0
Stealth        | |  4.4

Action                   |  1- 3 |  4- 6 || total
-------------------------+-------+-------++-------
Melee: Dagger            |   159 |   160 ||   319
Throw: Tomahawk          |     7 |       ||     7
 Cast: Corona            |    19 |     5 ||    24
       Ensorcelled Hiber |    11 |    41 ||    52
       Tukima's Dance    |       |     3 ||     3
  Use: Scroll            |       |     5 ||     5
 Stab: Sleeping          |    14 |    21 ||    35
       Distracted        |     1 |       ||     1
  Eat: Royal jelly       |       |     1 ||     1
Armor: Robe              |    18 |    27 ||    45
       Skin              |       |    44 ||    44
Dodge: Dodged            |   131 |   169 ||   300
